Map: Ruby Rock LE

Players

JoburgTaxi - Winner!

  • Race: Terran Terran
  • League: Platinum
  • Spawn Location: 11:00

A.I. 2 (Very Easy)

  • Race: Zerg Zerg
  • Spawn Location: 5:00

VOD

Have the link to the VOD?

Description

Time

  • Played on: Dec. 5, 2025, 1:24 p.m.
  • Length: 4:28
Show
View Real Time Build Order
Export as new Build Order

JoburgTaxi Terran - Winner!

Build Orders:  

Get SALT Encoding   

  12  0:00  SCV  
  13  0:17  Supply Depot  
  13  0:27  SCV  
  14  0:43  Barracks  
  14  0:58  Barracks  
  14  1:11  Barracks  
  14  1:31  Marine, Barracks  
  15  1:48  Marine  
  15  1:50  Marine  
  18  2:02  Marine  
  18  2:03  Supply Depot  
  18  2:10  Marine x2  
  20  2:19  Marine  
  20  2:20  Marine  
  22  2:28  Marine x2  
  24  2:37  Marine  
  24  2:38  Marine  
  25  3:21  Marine x3  
  28  3:43  Marine  
  28  3:59  Marine  
Show
View Real Time Build Order
Export as new Build Order

A.I. 2 (Very Easy) Zerg 

Build Orders: Hatch First 

Get SALT Encoding   

  12  0:01  Drone  
  13  0:12  Overlord  
  13  0:16  Drone  
  14  0:41  Hatchery  
  13  0:43  Drone  
  14  1:01  Spawning Pool  
  14  1:02  Extractor  
  12  1:04  Drone  
  13  1:11  Drone  
  13  1:18  Overlord  
  14  1:47  Queen  
  14  1:49  Zergling x2  
  14  1:50  Zergling x2  
  18  1:58  Roach Warren  
  17  2:04  Drone  
  17  2:07  Extractor  
  17  2:12  Drone  
  18  2:15  Zergling x2  
  18  2:20  Drone  
  20  2:27  Drone  
  21  2:34  Drone  
  22  2:42  Drone  
  22  2:43  Zergling x2  
  22  2:49  Drone  
  20  3:01  Queen  
  22  3:10  Drone  
  22  3:12  Zergling x2  
  24  3:18  Drone  
  25  3:25  Drone  
  26  3:32  Drone  
  24  3:40  Roach, Drone  
  25  3:47  Drone  
  14  4:09  Zergling x2  
  12  4:14  Drone x2  
  12  4:15  Drone x2  
Tags
 
League
Platinum
Matchup
TvZ
Spawn Locations
Cross Positions
Add a new tag
Caveats
  • Supply blocks, unpowered buildings, or Contaminate may cause inaccurate times.
  • Supply counts are checked every 10 seconds.